 Dungeon Crawl Stone Soup version 0.31-a0-208-gdb31a4691d (webtiles) character file.

Game seed: 18424615429511364456

140 lmSkywalker the Grave Robber (level 5, -11/35 HPs)
             Began as a Demonspawn Necromancer on June 28, 2023.
             Killed by divine providence
             ... invoked by an orc priest
              (14 damage)
             ... on level 3 of the Dungeon on June 29, 2023.
             The game lasted 00:14:52 (2735 turns).

lmSkywalker the Grave Robber (DsNe)                 Turns: 2735, Time: 00:14:52

Health: -11/35     AC:  2    Str: 10    XL:     5   Next: 2%
Magic:  7/8        EV: 13    Int: 16    God:
Gold:   82         SH:  0    Dex: 14    Spells: 3/8 levels left

rFire   . . .        v - +3 dagger
rCold   . . .        (no shield)
rNeg    . . .        a - +0 robe
rPois   .            (helmet restricted)
rElec   .            (no cloak)
rCorr   .            (no gloves)
SInv    .            (no boots)
Will    .....        (no amulet)
Stlth   ++           (no ring)
HPRegen 0.25/turn    (no ring)
MPRegen 0.22/turn

%: no passive effects
@: no status effects
A: hooves 1, horns 1, magic regeneration
a: no special abilities


You were on level 3 of the Dungeon.
You visited 1 branch of the dungeon, and saw 3 of its levels.

You collected 82 gold pieces.

Inventory:

Hand Weapons
 v - a +3 dagger (weapon)
Missiles
 t - 2 boomerangs
Armour
 a - a +0 robe (worn)
 n - a +2 chain mail of cold resistance
Scrolls
 d - a scroll of enchant weapon {unknown}
 g - 2 scrolls of identify {unknown}
 h - 3 scrolls of immolation
 i - a scroll of torment {unknown}
 p - a scroll of butterflies {unknown}
 q - a scroll of vulnerability {unknown}
 s - a scroll of fog {unknown}
Potions
 e - 2 potions of brilliance
 j - a potion of lignification {unknown}
 l - a potion of attraction {unknown}
 m - 2 potions of mutation {unknown}
 o - 2 potions of heal wounds {unknown}
 r - a potion of resistance {unknown}
 u - a potion of curing {unknown}


   Skills:
 + Level 3.0 Dodging
 + Level 3.0 Stealth
 + Level 1.0 Unarmed Combat
 - Level 2.1 Spellcasting
 + Level 5.2 Necromancy


You had 3 spell levels left.
You knew the following spells:

 Your Spells              Type           Power      Damage    Failure   Level
a - Necrotise             Necr           72%        1d7       2%          1
b - Animate Dead          Necr           18%        N/A       24%         4

Your spell library contained the following spells:

 Spells                   Type           Power      Damage    Failure   Level
 Vampiric Draining        Necr           18%        2d7       7%          3
 Agony                    Necr           18%        N/A       54%         5


Dungeon Overview and Level Annotations

Branches:
Dungeon (3/15)

Altars:


Innate Abilities, Weirdness & Mutations

You have large cloven feet.
You have a pair of small horns on your head.
You regenerate magic rapidly.


Message History

Casting: Necrotise (safe; 2% risk of failure)
Confirm with . or Enter, or press ? or * to list all spells.
Aiming: Necrotise (safe; 2% risk of failure)
Press: ? - help, Shift-Dir - straight line, f/p - orc priest
Aim: an orc priest, wielding a +0 club and wearing a +0 ring mail (severely wounded, chance to affect: 76%)
The orc priest writhes in agony.
The orc shouts!
You hear a shout!
Casting: Necrotise (safe; 2% risk of failure)
Confirm with . or Enter, or press ? or * to list all spells.
Aiming: Necrotise (safe; 2% risk of failure)
Press: ? - help, Shift-Dir - straight line, f/p - orc priest
Aim: an orc priest, wielding a +0 club and wearing a +0 ring mail (severely wounded, chance to affect: 76%)
Okay, then.
You closely miss the orc priest.
The orc priest is severely wounded.
The orc priest mumbles some strange prayers to Beogh against you.
Pain shoots through your body!
You hit the orc priest. Your kick misses the orc priest.
The orc priest is almost dead.
The orc priest casts a cantrip, but nothing happens.
You closely miss the orc priest. Your punch misses the orc priest.
The orc priest is almost dead.
The orc priest closely misses you.
The orc priest attacks as you move away!
The orc priest hits you but does no damage.
There is a stone staircase leading up here.
Casting: Necrotise (safe; 2% risk of failure)
Confirm with . or Enter, or press ? or * to list all spells.
Aiming: Necrotise (safe; 2% risk of failure)
Press: ? - help, Shift-Dir - straight line, f/p - orc priest
Aim: an orc priest, wielding a +0 club and wearing a +0 ring mail (almost dead, chance to affect: 76%)
Okay, then.
The orc priest invokes the aid of Beogh against you.
Beogh smites you!
The orc priest invokes the aid of Beogh against you.
Beogh smites you!
* * * LOW HITPOINT WARNING * * *
The orc priest mumbles some strange prayers to Beogh against you.
Beogh smites you!
You die...

##..[........####.# #.<.
##.##.$.....# #.# #...
##...##.###### #.# #...
##.#.#.#.....# #.# #######...
##.##.##......# #.####.........
#.###.###.(...#####..............
#.....# #.....##.o...............
#..#### #.....##.#..##.#.###.#...
##.## #.####.##@#..##.#!# #..#
#.# #....o)oo..#.# # #.#...#
####.#.##..#.##..#. #.#####
#######|#.##........... #.#
#..............#######.
#.#######.####.)##.#..## o#
#......##.####..##.#..# .#
######................#...o...#
####.####..##.##.#.≈.o.~.#


You could see 2 orc priests and 2 orcs.

Vanquished Creatures
  4 gnolls (D:3)
  3 adders
  A dart slug (D:3)
  3 orcs
  4 ball pythons (D:2)
  9 bats
  5 endoplasms (D:2)
  4 giant cockroaches (D:2)
  3 goblins
  5 hobgoblins
  7 jackals
  5 kobolds
  2 quokkas (D:2)
  3 frilled lizards (D:2)
  4 rats
62 creatures vanquished.

Vanquished Creatures (collateral kills)
  An endoplasm (D:2)
  A ball python (D:1)
  2 rats (D:2)
4 creatures vanquished.

Grand Total: 66 creatures vanquished

Notes
Turn   | Place    | Note
-------+----------+-------------------------------------------
     0 | D:1      | lmSkywalker the Demonspawn Necromancer began the quest for
                  | the Orb.
     0 | D:1      | Reached XP level 1. HP: 13/13 MP: 3/3
   267 | D:1      | Discovered your monstrous ancestry.
   267 | D:1      | Gained mutation: You have a pair of small horns on your
                  | head. [demonic ancestry]
   267 | D:1      | Reached XP level 2. HP: 13/19 MP: 3/5
   819 | D:2      | Gained mutation: You have large cloven feet. [demonic
                  | ancestry]
   819 | D:2      | Reached XP level 3. HP: 24/24 MP: 4/6
  1633 | D:3      | Gained mutation: You regenerate magic rapidly. [demonic
                  | ancestry]
  1633 | D:3      | Reached XP level 4. HP: 29/30 MP: 7/7
  1652 | D:3      | Reached skill level 5 in Necromancy
  2395 | D:3      | Learned a level 4 spell: Animate Dead
  2573 | D:3      | Reached skill level 1 in Unarmed Combat
  2593 | D:3      | Reached XP level 5. HP: 5/35 MP: 4/8
  2735 | D:3      | Killed from afar by an orc priest

Illustrated notes

Levels and vault maps discovered:
D:1:      dpeg_arrival_signposts, layout_basic
D:2:      layout_loops_ring, minmay_nonomino_d4
D:3:      cheibrodos_pilgrimage, layout_loops_cross

Skill      XL: |  1  2  3  4 |
---------------+-------------+-----
Dodging        | 2 3 |  3.0
Stealth        | 2 3 |  3.0
Necromancy     | 5 |  5.2
Unarmed Combat | 1 |  1.0
Spellcasting   | |  2.1

Action                     |  1- 3 |  4- 6 || total
---------------------------+-------+-------++-------
  Melee: Hand axe          |    60 |     4 ||    64
         Headbutt          |     5 |       ||     5
         Kick              |    11 |       ||    11
         Dagger            |       |     8 ||     8
   Cast: Necrotise         |    44 |    43 ||    87
    Use: Potion            |       |     2 ||     2
         Scroll            |       |     1 ||     1
   Stab: Sleeping          |     1 |     1 ||     2
 Armour: Robe              |    12 |     6 ||    18
  Dodge: Dodged            |    48 |    36 ||    84

Table legend: (Time is in decaauts)
 A = Elapsed time spent in this place.
 B = Non-inter-level travel time spent in this place.
 C = Inter-level travel time spent in this place.
 D = Time resting spent in this place.
 E = Time spent auto-exploring this place.
 F = Levels seen in this place.
 G = Mean time per level.
                   A        B        C        D        E       F      G
               +--------+--------+--------+--------+--------+-----+--------+
         Total |   2757 |   2654 |    103 |    625 |    907 |   3 |  919.0 |
       Dungeon |   2757 |   2654 |    103 |    625 |    907 |   3 |  919.0 |
               +--------+--------+--------+--------+--------+-----+--------+

Top non-repeatable levels by time:
     D:2: 1317 daAuts
     D:3: 776 daAuts
     D:1: 663 daAuts
